 Dungeon Crawl Stone Soup version 0.24-a0-275-g6f7e2cb (webtiles) character file.

Game seed: 1922416975993547586

14333 Gorice the Thaumaturge (level 12, 0/91 HPs)
             Began as a Gnoll Wizard on Apr 27, 2019.
             Was a Priest of Kikubaaqudgha.
             Slain by a blink frog (14 damage)
             ... on level 2 of the Lair of Beasts on Apr 28, 2019.
             The game lasted 01:07:55 (9645 turns).

Gorice the Thaumaturge (Gnoll Wizard)               Turns: 9645, Time: 01:07:56

Health: 0/91       AC:  7    Str:  9    XL:     12   Next: 15%
Magic:  16/26      EV: 16    Int: 33    God:    Kikubaaqudgha [***...]
Gold:   569        SH:  0    Dex: 14    Spells: 10/31 levels left

rFire    + + .     SeeInvis .   a - +1 short sword (elec)
rCold    . . .     Gourm    .   (no shield)
rNeg     . . .     Faith    .   q - +1 leather armour {rF+}
rPois    .         Spirit   .   O - +1 hat {Int+3}
rElec    .         Reflect  .   y - +0 cloak
rCorr    .         Harm     .   (no gloves)
MR       .....                  (no boots)
Stlth    ++++......             z - amulet of regeneration
HPRegen  0.65/turn              f - ring of protection from fire
MPRegen  0.20/turn              M - +4 ring of intelligence

@: about to teleport
A: distributed training, fangs 1, strong nose
a: Receive Corpses, Renounce Religion


You were on level 2 of the Lair of Beasts.
You worshipped Kikubaaqudgha.
Kikubaaqudgha was most pleased with you.
You were hungry.

You visited 3 branches of the dungeon, and saw 12 of its levels.

You collected 569 gold pieces.

Inventory:

Hand Weapons
 a - a +1 short sword of electrocution (weapon)
   (You took it off an orc on level 6 of the Dungeon)
 c - a +0 trident of venom
   (You took it off an orc on level 2 of the Dungeon)
 h - a +3 scimitar of flaming
   (You took it off Erica on level 1 of the Lair of Beasts)
 B - a +0 blowgun
Missiles
 p - 6 javelins (quivered)
 V - 10 curare-tipped needles
 Y - 304 stones
Armour
 q - a +1 leather armour of fire resistance (worn)
   (You took it off Eustachio on level 4 of the Dungeon)
 y - a +0 cloak (worn)
 O - a +1 hat of intelligence (worn)
   (You took it off Gastronok on level 9 of the Dungeon)
Magical Staves
 b - an uncursed staff of wizardry
Jewellery
 f - a ring of protection from fire (left hand)
 u - an uncursed amulet of guardian spirit {unknown}
 z - an amulet of regeneration (around neck)
 M - a +4 ring of intelligence (right hand)
Wands
 e - a wand of acid (5)
 g - a wand of clouds (2)
 t - a wand of iceblast (7)
 Q - a wand of enslavement (4)
Scrolls
 n - 3 scrolls of remove curse
 r - a scroll of magic mapping {!r}
 v - 2 scrolls of teleportation {!r}
Potions
 i - 6 potions of curing
 j - 2 potions of heal wounds {!q}
 k - 3 potions of resistance {!q}
 l - 8 potions of flight
 m - a potion of cancellation {!q}
 o - a potion of berserk rage
 w - 4 potions of brilliance {!q}
 K - 2 potions of might {!q}
 L - a potion of agility {!q}
 P - 2 potions of ambrosia
Comestibles
 d - 20 rations
 s - 4 chunks of flesh


   Skills:
 + Level 7.2 Fighting
 + Level 7.2 Short Blades
 + Level 7.2 Long Blades
 + Level 7.2 Axes
 + Level 7.2 Maces & Flails
 + Level 7.2 Polearms
 + Level 7.2 Staves
 + Level 7.2 Slings
 + Level 7.2 Bows
 + Level 7.2 Crossbows
 + Level 7.2 Throwing
 + Level 7.2 Armour
 + Level 8.6 Dodging
 + Level 8.4 Stealth
 + Level 7.2 Shields
 + Level 7.2 Unarmed Combat
 + Level 10.1 Spellcasting
 + Level 6.4 Conjurations
 + Level 6.0 Hexes
 + Level 6.0 Charms
 + Level 6.4 Summonings
 + Level 6.0 Necromancy
 + Level 6.4 Translocations
 + Level 6.0 Transmutations
 + Level 6.0 Fire Magic
 + Level 6.0 Ice Magic
 + Level 6.0 Air Magic
 + Level 6.0 Earth Magic
 + Level 6.0 Poison Magic
 + Level 7.9 Invocations
 + Level 7.2 Evocations


You had 10 spell levels left.
You knew the following spells:

 Your Spells              Type           Power        Failure   Level  Hunger
a - Magic Dart            Conj           ####         1%          1    None
b - Borgnjor's Vile Clut  Necr/Erth      ######....   9%          5    ###....
c - Conjure Flame         Conj/Fire      ######..     1%          3    None
d - Slow                  Hex            ######..     1%          2    None
e - Mephitic Cloud        Conj/Pois/Air  ######..     1%          3    None
i - Call Imp              Summ           ######..     1%          2    None
J - Blink                 Tloc           N/A          1%          2    None
R - Regeneration          Chrm/Necr      ######....   1%          3    None

Your spell library contained the following spells:

 Spells                   Type           Power        Failure   Level  Hunger
 Animate Skeleton         Necr           N/A          1%          1    None
 Beastly Appendage        Tmut           ######       1%          1    None
 Pain                     Necr           ####         1%          1    None
 Sticks to Snakes         Tmut           ######..     1%          2    None
 Sublimation of Blood     Necr           ######....   1%          2    None
 Spider Form              Tmut/Pois      ######....   1%          3    None
 Ice Form                 Ice/Tmut       ######..     3%          4    None
 Blade Hands              Tmut           ######....   9%          5    ###....
 Dispel Undead            Necr           ######..     9%          5    ###....
 Excruciating Wounds      Chrm/Necr      ######....   9%          5    ###....
 Death Channel            Necr           ######....   43%         6    #####..
 Simulacrum               Ice/Necr       ######....   43%         6    #####..


Dungeon Overview and Level Annotations

Branches:
Dungeon (9/15)             Temple (1/1) D:7            Lair (2/6) D:9
    Orc (0/2) D:9
  Swamp: Lair:2-4    Shoals: Lair:2-4     Snake: Lair:2-4    Spider: Lair:2-4

Altars:
Ashenzari
Cheibriados
Dithmenos
Elyvilon
Fedhas
Gozag
Hepliaklqana
Kikubaaqudgha
Makhleb
Nemelex Xobeh
Okawaru
Qazlal
Ru
Sif Muna
Trog
Uskayaw
Vehumet
Wu Jian
Xom
Yredelemnul
Zin
The Shining One

Shops:
D:8 }   D:9 %

Annotations:
D:5 deep water - poss vault
Lair:2 Fannar


Innate Abilities, Weirdness & Mutations

Your experience applies equally to all skills.
You have very sharp teeth.
Your uncanny sense of smell can sniff out nearby items.


Message History

The wolf bites you but does no damage. The ice beast misses you.
Unknown command.
Something barely misses the yak.
The wolf misses you.
The killer bee buzzes around in tight circles.
The killer bee misses something.
The killer bee barely misses Fannar.
A killer bee comes into view.
Your surroundings suddenly seem different.
A blink frog comes into view.
The blink frog gives a loud, deep croak!
A blink frog comes into view.
The blink frog gives a loud, deep croak!
A blink frog comes into view.
A basilisk comes into view.
A blink frog comes into view.
The blink frog blinks!
A hippogriff comes into view.
The killer bee moves out of view.
The basilisk hisses angrily.
Found a scroll of identify, 14 gold pieces and a ration.
Unknown command.
The blink frog misses you. The blink frog hits you!
Found 14 gold pieces and a scroll of remove curse.
Damage: 7 (max 24)
A crocodile comes into view.
Found 22 stones.
The crocodile barely misses you.
Found an escape hatch in the ceiling.
The blink frog blinks!
The blink frog hits you!
* * * LOW HITPOINT WARNING * * *
The blink frog blinks!
Damage: 14 (max 24)
A water moccasin comes into view.
The killer bee buzzes angrily. x2
The blink frog blinks!
The blink frog barely misses you. The blink frog completely misses you.
Really read
v - 3 scrolls of teleportation {!r}?
As you read the scroll of teleportation {!r}, it crumbles to dust.
You feel strangely unstable.
The killer bee stings you but does no damage.
The blink frog misses you. The killer bee barely misses you.
The blink frog hits you!
* * * LOW HITPOINT WARNING * * *
Damage: 8 (max 24) Unknown command.
Unknown command.
The wolf howls!
The water moccasin hisses angrily.
The killer bee misses you. The killer bee barely misses you.
The killer bee closely misses you. The killer bee misses you.
The blink frog hits you!
You die...
Kikubaaqudgha rasps: "You have failed me!
Welcome... death!"

........## #?.......#
..P....l######
#..###..$#...##P #.
##......(.. #
####H.#..###.
#.##.P#t.####
#..#..#. #.....FF..#
##....... #.....y@y##
#P......? #......$?#
#....... #......Sh#
#y...... ......<..#
#....... .........#
##....... ........Y.
#=....... .........#
##y...... ........Y.
#####.....<..
......###.##ey.......


You could see a hippogriff, a yak, a basilisk, 2 blink frogs, a water moccasin,
a crocodile, an ice beast, a wolf and 2 killer bees.

Vanquished Creatures
  Gastronok (D:9)
  Erica (Lair:1)
  A two-headed ogre (D:8)
  Sonja (Lair:1)
  Joseph (D:7)
  2 rime drakes (Lair:2)
  A spiny frog (Lair:1)
  2 komodo dragons
  8 blink frogs (Lair:2)
  4 hippogriffs
  2 wyverns
  A spriggan (D:8)
  3 yaks (D:9)
  Eustachio (D:4)
  2 wargs (D:8)
  A water moccasin (Lair:2)
  Duvessa (D:7)
  5 porcupines
  3 ice beasts
  4 sky beasts
  An eye of draining (D:9)
  3 orc warriors
  2 phantoms (D:9)
  A necrophage (D:5)
  3 ogres
  2 centaurs (D:9)
  A wolf (Lair:2)
  A crocodile (Lair:1)
  A big kobold (D:8)
  6 bullfrogs
  A wyvern skeleton (D:8)
  Dowan (D:7)
  12 killer bees (Lair:2)
  3 wights (D:6)
  2 crimson imps
  A jelly (D:5)
  7 orc priests
  A bullfrog zombie (D:5)
  3 hounds
  2 bullfrog skeletons
  8 orc wizards
  Crazy Yiuf (D:7)
  Natasha (thrice) (D:3)
  An iguana (D:4)
  3 worker ants
  8 ogre zombies (D:9)
  A hound zombie (D:5)
  A worker ant zombie (D:8)
  6 gnolls (D:4)
  5 adders
  2 howler monkey skeletons
  A shadow imp (D:8)
  2 oozes
  3 worms
  2 dart slugs
  2 leopard geckos
  22 orcs
  A ball python (D:2)
  6 bats
  10 giant cockroaches
  9 hobgoblins
  5 jackals
  12 kobolds
  8 quokkas
  A frilled lizard (D:4)
  10 goblins
  4 goblin zombies (D:9)
  2 hobgoblin skeletons (D:9)
  2 hobgoblin zombies (D:9)
  A leopard gecko zombie (D:8)
  5 orc skeletons (D:9)
  12 orc zombies (D:9)
  A quokka skeleton (D:6)
  8 rats
267 creatures vanquished.

Vanquished Creatures (collateral kills)
  A wyvern (Lair:2)
  A killer bee (Lair:2)
2 creatures vanquished.

Vanquished Creatures (others)
  A crocodile (Lair:2)
  3 fungi (Lair:2)
  A plant (Lair:2)
5 creatures vanquished.

Grand Total: 274 creatures vanquished

Notes
Turn   | Place    | Note
-------+----------+-------------------------------------------
     0 | D:1      | Gorice the Gnoll Wizard began the quest for the Orb.
     0 | D:1      | Reached XP level 1. HP: 13/13 MP: 8/8
   122 | D:1      | Reached skill level 2 in Conjurations
   122 | D:1      | Reached skill level 2 in Summonings
   122 | D:1      | Reached skill level 2 in Translocations
   126 | D:1      | Reached XP level 2. HP: 19/19 MP: 2/10
   485 | D:1      | Learned a level 2 spell: Blink
   488 | D:1      | Learned a level 2 spell: Call Imp
   564 | D:2      | Reached XP level 3. HP: 25/25 MP: 7/11
   619 | D:2      | Learned a level 3 spell: Conjure Flame
   623 | D:2      | Learned a level 3 spell: Mephitic Cloud
   667 | D:2      | Reached skill level 1 in Invocations
   687 | D:2      | Reached skill level 1 in Fighting
   687 | D:2      | Reached skill level 1 in Short Blades
   687 | D:2      | Reached skill level 1 in Long Blades
   687 | D:2      | Reached skill level 1 in Axes
   687 | D:2      | Reached skill level 1 in Maces & Flails
   687 | D:2      | Reached skill level 1 in Polearms
   687 | D:2      | Reached skill level 1 in Staves
   687 | D:2      | Reached skill level 1 in Slings
   687 | D:2      | Reached skill level 1 in Bows
   687 | D:2      | Reached skill level 1 in Crossbows
   687 | D:2      | Reached skill level 1 in Throwing
   687 | D:2      | Reached skill level 1 in Armour
   687 | D:2      | Reached skill level 1 in Shields
   687 | D:2      | Reached skill level 1 in Unarmed Combat
   687 | D:2      | Reached skill level 1 in Evocations
   687 | D:2      | Reached XP level 4. HP: 22/32 MP: 0/13
   818 | D:2      | Reached skill level 1 in Hexes
   818 | D:2      | Reached skill level 1 in Charms
   818 | D:2      | Reached skill level 1 in Necromancy
   818 | D:2      | Reached skill level 1 in Transmutations
   818 | D:2      | Reached skill level 1 in Fire Magic
   818 | D:2      | Reached skill level 1 in Ice Magic
   818 | D:2      | Reached skill level 1 in Air Magic
   818 | D:2      | Reached skill level 1 in Earth Magic
   818 | D:2      | Reached skill level 1 in Poison Magic
   940 | D:2      | Reached XP level 5. HP: 35/37 MP: 5/14
  1051 | D:2      | Noticed an ogre
  1150 | D:2      | Killed an ogre
  1750 | D:3      | You fall through a shaft!
  1755 | D:4      | Noticed Eustachio
  1776 | D:4      | Killed Eustachio
  1776 | D:4      | Reached skill level 2 in Fighting
  1776 | D:4      | Reached skill level 2 in Short Blades
  1776 | D:4      | Reached skill level 2 in Long Blades
  1776 | D:4      | Reached skill level 2 in Axes
  1776 | D:4      | Reached skill level 2 in Maces & Flails
  1776 | D:4      | Reached skill level 2 in Polearms
  1776 | D:4      | Reached skill level 2 in Staves
  1776 | D:4      | Reached skill level 2 in Slings
  1776 | D:4      | Reached skill level 2 in Bows
  1776 | D:4      | Reached skill level 2 in Crossbows
  1776 | D:4      | Reached skill level 2 in Throwing
  1776 | D:4      | Reached skill level 2 in Armour
  1776 | D:4      | Reached skill level 5 in Dodging
  1776 | D:4      | Reached skill level 2 in Shields
  1776 | D:4      | Reached skill level 2 in Unarmed Combat
  1776 | D:4      | Reached skill level 2 in Invocations
  1776 | D:4      | Reached skill level 2 in Evocations
  1776 | D:4      | Reached XP level 6. HP: 28/44 MP: 5/16
  2009 | D:4      | Reached XP level 7. HP: 50/50 MP: 9/18
  2321 | D:3      | Found a sparkling altar of Nemelex Xobeh.
  2508 | D:3      | Noticed Natasha
  2520 | D:3      | Killed Natasha
  2657 | D:3      | Noticed Natasha
  2666 | D:3      | Killed Natasha
  2909 | D:3      | Noticed Natasha
  2933 | D:3      | Killed Natasha
  2933 | D:3      | Reached skill level 2 in Hexes
  2933 | D:3      | Reached skill level 2 in Charms
  2933 | D:3      | Reached skill level 2 in Necromancy
  2933 | D:3      | Reached skill level 2 in Transmutations
  2933 | D:3      | Reached skill level 2 in Fire Magic
  2933 | D:3      | Reached skill level 2 in Ice Magic
  2933 | D:3      | Reached skill level 2 in Air Magic
  2933 | D:3      | Reached skill level 2 in Earth Magic
  2933 | D:3      | Reached skill level 2 in Poison Magic
  3328 | D:5      | Entered Level 5 of the Dungeon
  3339 | D:5      | HP: 10/51 [ice beast (13)]
  3347 | D:5      | HP: 10/51 [bullfrog skeleton (4)]
  3356 | D:5      | Reached skill level 3 in Conjurations
  3356 | D:5      | Reached skill level 3 in Summonings
  3356 | D:5      | Reached skill level 3 in Translocations
  3361 | D:5      | Reached skill level 5 in Stealth
  3539 | D:5      | Reached skill level 3 in Invocations
  3592 | D:5      | Reached XP level 8. HP: 57/57 MP: 17/19
  4034 | D:6      | Reached skill level 3 in Fighting
  4034 | D:6      | Reached skill level 3 in Short Blades
  4034 | D:6      | Reached skill level 3 in Long Blades
  4034 | D:6      | Reached skill level 3 in Axes
  4034 | D:6      | Reached skill level 3 in Maces & Flails
  4034 | D:6      | Reached skill level 3 in Polearms
  4034 | D:6      | Reached skill level 3 in Staves
  4034 | D:6      | Reached skill level 3 in Slings
  4034 | D:6      | Reached skill level 3 in Bows
  4034 | D:6      | Reached skill level 3 in Crossbows
  4034 | D:6      | Reached skill level 3 in Throwing
  4034 | D:6      | Reached skill level 3 in Armour
  4034 | D:6      | Reached skill level 3 in Shields
  4034 | D:6      | Reached skill level 3 in Unarmed Combat
  4034 | D:6      | Reached skill level 3 in Evocations
  4115 | D:6      | Reached skill level 5 in Fighting
  4115 | D:6      | Reached skill level 5 in Short Blades
  4115 | D:6      | Reached skill level 5 in Long Blades
  4115 | D:6      | Reached skill level 5 in Axes
  4115 | D:6      | Reached skill level 5 in Maces & Flails
  4115 | D:6      | Reached skill level 5 in Polearms
  4115 | D:6      | Reached skill level 5 in Staves
  4115 | D:6      | Reached skill level 5 in Slings
  4115 | D:6      | Reached skill level 5 in Bows
  4115 | D:6      | Reached skill level 5 in Crossbows
  4115 | D:6      | Reached skill level 5 in Throwing
  4115 | D:6      | Reached skill level 5 in Armour
  4115 | D:6      | Reached skill level 7 in Dodging
  4115 | D:6      | Reached skill level 6 in Stealth
  4115 | D:6      | Reached skill level 5 in Shields
  4115 | D:6      | Reached skill level 5 in Unarmed Combat
  4115 | D:6      | Reached skill level 9 in Spellcasting
  4115 | D:6      | Reached skill level 5 in Conjurations
  4115 | D:6      | Reached skill level 4 in Hexes
  4115 | D:6      | Reached skill level 4 in Charms
  4115 | D:6      | Reached skill level 5 in Summonings
  4115 | D:6      | Reached skill level 4 in Necromancy
  4115 | D:6      | Reached skill level 5 in Translocations
  4115 | D:6      | Reached skill level 4 in Transmutations
  4115 | D:6      | Reached skill level 4 in Fire Magic
  4115 | D:6      | Reached skill level 4 in Ice Magic
  4115 | D:6      | Reached skill level 4 in Air Magic
  4115 | D:6      | Reached skill level 4 in Earth Magic
  4115 | D:6      | Reached skill level 4 in Poison Magic
  4115 | D:6      | Reached skill level 5 in Invocations
  4115 | D:6      | Reached skill level 5 in Evocations
  4115 | D:6      | Reached XP level 9. HP: 68/68 MP: 19/22
  4382 | D:6      | Reached skill level 6 in Invocations
  4384 | D:6      | Found a shattered altar of Ashenzari.
  4471 | D:6      | Reached skill level 7 in Stealth
  4584 | D:6      | Found an iron altar of Okawaru.
  4911 | D:7      | Noticed Dowan
  4911 | D:7      | Noticed Duvessa
  4918 | D:7      | Killed Dowan
  4926 | D:7      | Killed Duvessa
  4948 | D:7      | Found a staircase to the Ecumenical Temple.
  4984 | Temple   | Entered the Ecumenical Temple
  5144 | Temple   | Became a worshipper of Kikubaaqudgha
  5223 | D:7      | Noticed Joseph
  5235 | D:7      | Killed Joseph
  5235 | D:7      | Reached XP level 10. HP: 61/76 MP: 14/23
  5302 | D:7      | Found a runed translucent door.
  5303 | D:7      | Noticed Crazy Yiuf
  5315 | D:7      | Killed Crazy Yiuf
  5897 | D:8      | Found Inuorchu's Gadget Shop.
  5945 | D:8      | Found a bloodstained altar of Trog.
  5948 | D:8      | Found a shadowy altar of Dithmenos.
  6061 | D:8      | Found an ornate altar of the Wu Jian Council.
  6254 | D:8      | Reached * piety under Kikubaaqudgha
  6254 | D:8      | Identified Kikubaaqudgha's Almanac of Evil Arts
                  | (Kikubaaqudgha gifted it to you on level 8 of the Dungeon)
  6254 | D:8      | Received a gift from Kikubaaqudgha
  6325 | D:8      | Noticed a two-headed ogre
  6334 | D:8      | Killed a two-headed ogre
  6334 | D:8      | Reached skill level 6 in Fighting
  6334 | D:8      | Reached skill level 6 in Short Blades
  6334 | D:8      | Reached skill level 6 in Long Blades
  6334 | D:8      | Reached skill level 6 in Axes
  6334 | D:8      | Reached skill level 6 in Maces & Flails
  6334 | D:8      | Reached skill level 6 in Polearms
  6334 | D:8      | Reached skill level 6 in Staves
  6334 | D:8      | Reached skill level 6 in Slings
  6334 | D:8      | Reached skill level 6 in Bows
  6334 | D:8      | Reached skill level 6 in Crossbows
  6334 | D:8      | Reached skill level 6 in Throwing
  6334 | D:8      | Reached skill level 6 in Armour
  6334 | D:8      | Reached skill level 6 in Shields
  6334 | D:8      | Reached skill level 6 in Unarmed Combat
  6334 | D:8      | Reached skill level 5 in Hexes
  6334 | D:8      | Reached skill level 5 in Charms
  6334 | D:8      | Reached skill level 5 in Necromancy
  6334 | D:8      | Reached skill level 5 in Transmutations
  6334 | D:8      | Reached skill level 5 in Fire Magic
  6334 | D:8      | Reached skill level 5 in Ice Magic
  6334 | D:8      | Reached skill level 5 in Air Magic
  6334 | D:8      | Reached skill level 5 in Earth Magic
  6334 | D:8      | Reached skill level 5 in Poison Magic
  6334 | D:8      | Reached skill level 6 in Evocations
  6798 | D:9      | Found a staircase to the Lair.
  6803 | D:9      | Noticed Gastronok
  6819 | D:9      | Killed Gastronok
  6819 | D:9      | Reached skill level 7 in Invocations
  6819 | D:9      | Reached XP level 11. HP: 51/82 MP: 12/24
  6828 | D:9      | Reached skill level 8 in Dodging
  6857 | D:9      | Learned a level 3 spell: Regeneration
  6992 | D:9      | Reached ** piety under Kikubaaqudgha
  7169 | D:9      | Found a staircase to the Orcish Mines.
  7299 | D:9      | Found a hazy altar of Hepliaklqana.
  7300 | D:9      | Found a hide-covered altar of Uskayaw.
  7348 | D:9      | Got an ominously black robe
  7423 | D:9      | Found Irryroco's Food Shop.
  7698 | Lair:1   | Entered Level 1 of the Lair of Beasts
  7698 | Lair:1   | Noticed Sonja
  7750 | Lair:1   | Noticed Erica
  7778 | Lair:1   | Killed Erica
  7778 | Lair:1   | Reached skill level 6 in Conjurations
  7778 | Lair:1   | Reached skill level 6 in Summonings
  7778 | Lair:1   | Reached skill level 6 in Translocations
  7784 | Lair:1   | Killed Sonja
  7784 | Lair:1   | Reached skill level 8 in Stealth
  7797 | Lair:1   | Reached *** piety under Kikubaaqudgha
  7797 | Lair:1   | Identified Kikubaaqudgha's Tome of Evil Secrets
                  | (Kikubaaqudgha gifted it to you on level 1 of the Lair of
                  | Beasts)
  7797 | Lair:1   | Received a gift from Kikubaaqudgha
  7821 | Lair:1   | Got a slimy trident
  7853 | Lair:1   | Identified the +6 trident "Luinaziw" {antimagic, +Rage rC-
                  | Str+8} (You found it on level 1 of the Lair of Beasts)
  7865 | Lair:1   | Identified the +0 robe of Circular Logic {rPois Str+4} (You
                  | found it on level 9 of the Dungeon)
  7956 | Lair:1   | Learned a level 5 spell: Borgnjor's Vile Clutch
  8047 | Lair:1   | HP: 16/83 [komodo dragon (21)]
  9077 | Lair:2   | Reached skill level 10 in Spellcasting
  9168 | Lair:2   | Reached skill level 7 in Fighting
  9168 | Lair:2   | Reached skill level 7 in Short Blades
  9168 | Lair:2   | Reached skill level 7 in Long Blades
  9168 | Lair:2   | Reached skill level 7 in Axes
  9168 | Lair:2   | Reached skill level 7 in Maces & Flails
  9168 | Lair:2   | Reached skill level 7 in Polearms
  9168 | Lair:2   | Reached skill level 7 in Staves
  9168 | Lair:2   | Reached skill level 7 in Slings
  9168 | Lair:2   | Reached skill level 7 in Bows
  9168 | Lair:2   | Reached skill level 7 in Crossbows
  9168 | Lair:2   | Reached skill level 7 in Throwing
  9168 | Lair:2   | Reached skill level 7 in Armour
  9168 | Lair:2   | Reached skill level 7 in Shields
  9168 | Lair:2   | Reached skill level 7 in Unarmed Combat
  9168 | Lair:2   | Reached skill level 7 in Evocations
  9215 | Lair:2   | Reached XP level 12. HP: 54/91 MP: 3/26
  9374 | Lair:2   | Learned a level 2 spell: Slow
  9464 | Lair:2   | HP: 18/91 [rime drake/flash freeze (22)]
  9466 | Lair:2   | Reached skill level 6 in Hexes
  9466 | Lair:2   | Reached skill level 6 in Charms
  9466 | Lair:2   | Reached skill level 6 in Necromancy
  9466 | Lair:2   | Reached skill level 6 in Transmutations
  9466 | Lair:2   | Reached skill level 6 in Fire Magic
  9466 | Lair:2   | Reached skill level 6 in Ice Magic
  9466 | Lair:2   | Reached skill level 6 in Air Magic
  9466 | Lair:2   | Reached skill level 6 in Earth Magic
  9466 | Lair:2   | Reached skill level 6 in Poison Magic
  9466 | Lair:2   | HP: 7/91 [hippogriff (4)]
  9467 | Lair:2   | HP: 3/91 [hippogriff (3)]
  9467 | Lair:2   | HP: 1/91 [hippogriff (2)]
  9596 | Lair:2   | Noticed Fannar
  9641 | Lair:2   | HP: 20/91 [blink frog (15)]
  9645 | Lair:2   | Slain by a blink frog

Levels and vault maps discovered:
D:1:      lightli_arrival_statuegarden, layout_rooms
D:2:      layout_basic, first_ration
D:3:      minmay_recursive_quarters, layout_basic, nemelex_dance_club_becter,
          uniq_natasha
D:4:      layout_basic, uniq_eustachio
D:5:      layout_rooms, chequers_serial_rivers_large_a
D:6:      layout_loops_cross, evilmike_ruin_ashenzari, okawaru_gym_becter
D:7:      layout_loops_ring, minmay_temple_entry_stoned_glass,
          uniq_crazy_yiuf_cottage, uniq_duvessa, uniq_joseph
D:8:      layout_loops_ring, lemuel_crystal_altar, minitemple, serial_shops,
          kennysheep_little_box, the_bakery
D:9:      layout_long_grid, chequers_temple_overflow_statue_of_worship,
          erik_lair_orcish_takeover, zombieorc2_lemuel, serial_shops,
          nicolae_shop_trees, billiards_dpeg, uniq_gastronok
Temple:   compressed_dpeg_circular_temple
Lair:1:   layout_cave_pods, uniq_erica, uniq_sonja
Lair:2:   hangedman_what_comes_after_a, layout_small_grid, swamp_mist_pool,
          grunt_megastairs_3, uniq_fannar

Skill      XL: |  1  2  3  4  5  6  7  8  9 10 11 12 |
---------------+-------------------------------------+-----
Conjurations   | 2 3 5 6 |  6.4
Summonings     | 2 3 5 6 |  6.4
Translocations | 2 3 5 6 |  6.4
Invocations    | 1 2 3 5 6 7 |  7.9
Fighting       | 1 2 5 6 7 |  7.2
Short Blades   | 1 2 5 6 7 |  7.2
Long Blades    | 1 2 5 6 7 |  7.2
Axes           | 1 2 5 6 7 |  7.2
Maces & Flails | 1 2 5 6 7 |  7.2
Polearms       | 1 2 5 6 7 |  7.2
Staves         | 1 2 5 6 7 |  7.2
Slings         | 1 2 5 6 7 |  7.2
Bows           | 1 2 5 6 7 |  7.2
Crossbows      | 1 2 5 6 7 |  7.2
Throwing       | 1 2 5 6 7 |  7.2
Armour         | 1 2 5 6 7 |  7.2
Shields        | 1 2 5 6 7 |  7.2
Unarmed Combat | 1 2 5 6 7 |  7.2
Evocations     | 1 2 5 6 7 |  7.2
Hexes          | 1 2 4 5 6 |  6.0
Charms         | 1 2 4 5 6 |  6.0
Necromancy     | 1 2 4 5 6 |  6.0
Transmutations | 1 2 4 5 6 |  6.0
Fire Magic     | 1 2 4 5 6 |  6.0
Ice Magic      | 1 2 4 5 6 |  6.0
Air Magic      | 1 2 4 5 6 |  6.0
Earth Magic    | 1 2 4 5 6 |  6.0
Poison Magic   | 1 2 4 5 6 |  6.0
Dodging        | 5 7 8 |  8.6
Stealth        | 5 6 7 8 |  8.4
Spellcasting   | 9 10 | 10.1

Action                   |  1- 3 |  4- 6 |  7- 9 | 10-12 || total
-------------------------+-------+-------+-------+-------++-------
Melee: Whip              |     8 |     6 |       |       ||    14
       Club              |     1 |       |       |       ||     1
       Bite              |     3 |     6 |    17 |    26 ||    52
       Trident           |       |    63 |   260 |     7 ||   330
       Punch             |       |       |     2 |     6 ||     8
       Short sword       |       |       |    45 |   390 ||   435
       Halberd           |       |       |     9 |    19 ||    28
       Morningstar       |       |       |     6 |       ||     6
Throw: Stone             |    10 |       |       |       ||    10
       Javelin           |       |       |       |     3 ||     3
 Cast: Magic Dart        |    52 |    46 |    60 |    82 ||   240
       Mephitic Cloud    |     3 |     5 |     6 |    21 ||    35
       Conjure Flame     |       |     4 |    18 |    37 ||    59
       Blink             |       |       |     5 |    12 ||    17
       Borgnjor's Vile C |       |       |       |     3 ||     3
Evoke: Wand              |       |       |       |     2 ||     2
  Use: Scroll            |     5 |     2 |     9 |    10 ||    26
       Potion            |       |       |     1 |     1 ||     2
 Stab: Confused          |       |     7 |     5 |    11 ||    23
       Sleeping          |       |     3 |    10 |     5 ||    18
       Distracted        |       |       |       |     2 ||     2
  Eat: Chunk             |       |     3 |    11 |    14 ||    28
Armor: Robe              |     4 |     8 |       |       ||    12
       Leather armour    |       |       |    60 |    54 ||   114
Dodge: Dodged            |    10 |    24 |   159 |   263 ||   456

Table legend:
 A = Non-vault XP
 B = Vault XP
 C = Vault XP percentage of total XP
 D = Non-vault monster count
 E = Vault monster count
 F = Vault count percentage of total count
                 A         B        C        D         E       F
            +---------+---------+-------+---------+---------+-------
      Total |    9753 |    9201 |  48.5 |     180 |      90 |  33.3
            +---------+---------+-------+---------+---------+-------
        D:1 |      28 |       0 |   0.0 |      17 |       0 |   0.0
        D:2 |     273 |       0 |   0.0 |      28 |       0 |   0.0
        D:3 |     108 |      71 |  39.7 |      17 |       9 |  34.6
        D:4 |     189 |     197 |  51.0 |      17 |       1 |   5.6
        D:5 |     442 |       0 |   0.0 |      11 |       0 |   0.0
        D:6 |     987 |       0 |   0.0 |      26 |       0 |   0.0
        D:7 |     603 |     688 |  53.3 |      13 |       4 |  23.5
        D:8 |    2345 |     703 |  23.1 |      24 |       5 |  17.2
        D:9 |     880 |    3020 |  77.4 |       8 |      46 |  85.2
     Lair:1 |    1657 |    1989 |  54.6 |       8 |       3 |  27.3
     Lair:2 |    2241 |    2533 |  53.1 |      11 |      22 |  66.7
            +---------+---------+-------+---------+---------+-------

Table legend:
 A = Turns spent in this place as a percentage of turns spent in the entire game.
 B = Non-inter-level travel turns spent in this place as a percentage of non-inter-level travel turns spent in the entire game.
 C = Inter-level travel turns spent in this place as a percentage of turns spent in this place.
 D = Turns resting spent in this place as a percentage of non-inter-level travel turns spent in this place.
 E = Turns spent auto-exploring this place as a percentage of non-inter-level travel turns spent in this place.
 F = Non-inter-level travel turns spent in this place divided by the number of levels of this place that you've seen.
                   A       B       C       D       E      F
               +-------+-------+-------+-------+-------+----------------------
         Total | 100.0 | 100.0 |   4.2 |  11.6 |  44.7 | 769.8
       Dungeon |  77.9 |  78.6 |   3.3 |  10.5 |  45.6 | 806.9
        Temple |   2.0 |   1.8 |  15.2 |   0.0 |  53.7 | 162.0
          Lair |  20.1 |  19.6 |   6.6 |  17.1 |  40.3 | 906.5
               +-------+-------+-------+-------+-------+----------------------

Levels and vault maps discovered:
D:1:      lightli_arrival_statuegarden, layout_rooms
D:2:      layout_basic, first_ration
D:3:      minmay_recursive_quarters, layout_basic, nemelex_dance_club_becter,
          uniq_natasha
D:4:      layout_basic, uniq_eustachio
D:5:      layout_rooms, chequers_serial_rivers_large_a
D:6:      layout_loops_cross, evilmike_ruin_ashenzari, okawaru_gym_becter
D:7:      layout_loops_ring, minmay_temple_entry_stoned_glass,
          uniq_crazy_yiuf_cottage, uniq_duvessa, uniq_joseph
D:8:      layout_loops_ring, lemuel_crystal_altar, minitemple, serial_shops,
          kennysheep_little_box, the_bakery
D:9:      layout_long_grid, chequers_temple_overflow_statue_of_worship,
          erik_lair_orcish_takeover, zombieorc2_lemuel, serial_shops,
          nicolae_shop_trees, billiards_dpeg, uniq_gastronok
Temple:   compressed_dpeg_circular_temple
Lair:1:   layout_cave_pods, uniq_erica, uniq_sonja
Lair:2:   hangedman_what_comes_after_a, layout_small_grid, swamp_mist_pool,
          grunt_megastairs_3, uniq_fannar
